 Dungeon Crawl Stone Soup version 0.29.1-12-g30fa7ad0bf (webtiles) character file.

Game seed: 12477687119297843708

53 DildoBatman the Conjurer (level 4, 0/32 HPs)
             Began as a Formicid Conjurer on Jan 14, 2023.
             Slain by a goblin
             ... wielding a +0 club
              (1 damage)
             ... on level 4 of the Dungeon.
             The game lasted 00:03:23 (1316 turns).

DildoBatman the Conjurer (Formicid Conjurer)        Turns: 1316, Time: 00:03:25

Health: 0/32       AC:  2    Str: 12    XL:     4   Next: 10%
Magic:  8/8        EV: 12    Int: 19    God:
Gold:   29         SH:  0    Dex: 12    Spells: 5/8 levels left

rFire   . . .      SeeInvis +   l - +2 spear (vorpal)
rCold   . . .      Faith    .   (no shield)
rNeg    . . .      Spirit   .   a - +0 robe
rPois   .          Reflect  .   (helmet unavailable)
rElec   .          Harm     .   (no cloak)
rCorr   .          Rampage  .   (no gloves)
Will    .....                   (no boots)
Stlth   ++........              (no amulet)
HPRegen 0.10/turn               (no ring)
MPRegen 0.11/turn               (no ring)

@: no status effects
A: permanent stasis, dig shafts and tunnels, antennae 3, four strong arms
a: Dig, Shaft Self


You were on level 4 of the Dungeon.
You visited 1 branch of the dungeon, and saw 3 of its levels.

You collected 29 gold pieces.

Inventory:

Hand Weapons
 c - a +0 club
 d - a +0 dagger
 h - a +0 quarterstaff
 l - a +2 vorpal spear (weapon)
Missiles
 e - a throwing net
 g - 10 stones
Armour
 a - a +0 robe (worn)
Scrolls
 f - a scroll of poison {unknown}
 j - a scroll of identify {unknown}
 k - a scroll of enchant weapon {unknown}
 p - a scroll of enchant armour {unknown}
Potions
 b - a potion of magic
 i - a potion of lignification {unknown}
 m - a potion of attraction {unknown}
 n - a potion of mutation {unknown}
 o - a potion of brilliance {unknown}
 q - a potion of curing {unknown}


   Skills:
 * Level 1.5 Fighting
 * Level 1.5 Armour
 - Level 2.0 Dodging
 - Level 2.4 Stealth
 * Level 2.8 Spellcasting
 * Level 3.9 Conjurations


You had 5 spell levels left.
You knew the following spells:

 Your Spells              Type           Power      Damage    Failure   Level
a - Searing Ray           Conj           34%        2d5       4%          2
c - Magic Dart            Conj           68%        1d6       3%          1

Your spell library contained the following spells:

 Spells                   Type           Power      Damage    Failure   Level
 Dazzling Flash           Conj/Hex       20%        N/A       21%         3
 Ensorcelled Hibernation  Hex/Ice        4%         N/A       24%         2
 Passwall                 Tmut/Erth      1%         N/A       24%         2
 Fulminant Prism          Conj/Hex       5%         3d7       56%         4
 Iskenderun's Mystic Bla  Conj/Tloc      10%        2d4       56%         4
 Swiftness                Air            Unusable   N/A       N/A         3

Dungeon Overview and Level Annotations

Branches:
Dungeon (2/15)

Altars:

Shops:
D:1 (


Innate Abilities, Weirdness & Mutations

You cannot be hasted, slowed, berserked, paralysed or teleported.
You can dig through walls and to a lower floor.
You have a pair of large antennae on your head. (SInv)
Your four strong arms can wield two-handed weapons with a shield.


Message History

t - Shout!
Orders for allies: a - Attack new target. r - Retreat! s - Stop attacking. g - Guard the area. f - Follow me.
Anything else - Cancel.
You shout for attention!
The goblin barely misses you. What are your orders? t - Shout!
Orders for allies: a - Attack new target. r - Retreat! s - Stop attacking. g - Guard the area. f - Follow me.
Anything else - Cancel.
You shout for attention!
The goblin misses you. What are your orders? t - Shout!
Orders for allies: a - Attack new target. r - Retreat! s - Stop attacking. g - Guard the area. f - Follow me.
Anything else - Cancel.
You shout for attention!
The goblin hits you with a +0 club. What are your orders? t - Shout!
Orders for allies: a - Attack new target. r - Retreat! s - Stop attacking. g - Guard the area. f - Follow me.
Anything else - Cancel.
You shout for attention!
The goblin hits you with a +0 club. What are your orders? t - Shout!
Orders for allies: a - Attack new target. r - Retreat! s - Stop attacking. g - Guard the area. f - Follow me.
Anything else - Cancel.
You shout for attention!
The goblin hits you with a +0 club.
You die...

ยง~........
.........
.........
.........
#........
#........
#g.......
#@.......
#########


You could see a goblin.

Vanquished Creatures
  An adder (D:2)
  A dart slug (D:1)
  3 ball pythons (D:1)
  4 endoplasms (D:1)
  3 giant cockroaches (D:1)
  6 goblins (D:1)
  3 hobgoblins (D:1)
  2 jackals (D:1)
  6 kobolds (D:1)
  2 quokkas (D:1)
  3 bats (D:1)
  A frilled lizard (D:1)
  A rat (D:2)
36 creatures vanquished.

Notes
Turn   | Place    | Note
-------+----------+-------------------------------------------
     0 | D:1      | DildoBatman the Formicid Conjurer began the quest for the
                  | Orb.
     0 | D:1      | Reached XP level 1. HP: 13/13 MP: 3/3
   206 | D:1      | Reached XP level 2. HP: 20/20 MP: 1/5
   220 | D:1      | Learned a level 2 spell: Searing Ray
   554 | D:1      | Reached skill level 1 in Armour
   588 | D:1      | Reached skill level 1 in Fighting
   588 | D:1      | Reached XP level 3. HP: 26/26 MP: 3/6
   878 | D:1      | Found Uprustori's Antique Weapon Shop.
  1239 | D:2      | Reached XP level 4. HP: 32/32 MP: 4/8
  1263 | D:2      | You fall into a shaft and drop 2 floors!
  1315 | D:4      | HP: 1/32 [goblin/+0 club (2)]
  1316 | D:4      | Slain by a goblin

Illustrated notes

Levels and vault maps discovered:
D:1:      zelgadis_glass_arrival_small, layout_loops_ring, serial_shops, shop,
          minmay_hexomino_u4
D:2:      layout_basic, basic_ecumenical_altar, hangedman_decor_growths,
          grunt_decor_arrowhead
D:4:      layout_basic, nicolae_qazlal_scattered_showers, st_stairs_5

Skill      XL: |  1  2 |
---------------+-------+-----
Dodging        | 2 |  2.0
Armour         | 1 |  1.5
Fighting       | 1 |  1.5
Stealth        | |  2.4
Spellcasting   | |  2.8
Conjurations   | |  3.9

Action                   |  1- 3 |  4- 6 || total
-------------------------+-------+-------++-------
Melee: Dagger            |    16 |       ||    16
       Quarterstaff      |     6 |       ||     6
       Spear             |    15 |     1 ||    16
 Cast: Magic Dart        |    34 |       ||    34
       Searing Ray       |     4 |       ||     4
 Abil: Shaft Self        |       |     1 ||     1
 Stab: Sleeping          |       |     1 ||     1
Armor: Robe              |     8 |     8 ||    16
Dodge: Dodged            |    17 |    21 ||    38
